 Dungeon Crawl Stone Soup version 0.23.2-1-ga50397a6bc (webtiles) character file.

Game seed: 1590405859028578304

0 Gargoyl the Skirmisher (level 1, -5/19 HPs)
             Began as a Centaur Abyssal Knight on May 3, 2019.
             Was a Follower of Lugonu.
             Killed from afar by a starcursed mass (7 damage)
             ... with an accursed screaming
             ... summoned by a boggart
             ... while paralysed by a floating eye
             ... on level 4 of the Abyss.
             The game lasted 00:00:46 (123 turns).

Gargoyl the Skirmisher (Centaur Abyssal Knight)      Turns: 123, Time: 00:00:47

Health: -5/19      AC:  4    Str: 14    XL:     1   Next: 0%
Magic:  2/2        EV:  1    Int: 11    God:    Lugonu [*.....]
Gold:   28         SH:  0    Dex:  8    Spells: 0/0 levels left

rFire    . . .     SeeInvis .   a - +1 hand axe
rCold    . . .     Gourm    .   (no shield)
rNeg     . . .     Faith    .   b - +0 leather armour
rPois    .         Spirit   .   (no helmet)
rElec    .         Reflect  .   (no cloak)
rCorr    .         Harm     .   (no gloves)
MR       .....                  (no barding)
Stlth    ..........             (no amulet)
HPRegen  0.00/turn              (no ring)
MPRegen  0.08/turn              (no ring)

@: paralysed, non-regenerating, diseased, very quick
A: large, hooves 3, deformed body, speed 2, tough skin 3
a: Depart the Abyss, Renounce Religion


You were on level 4 of the Abyss.
You worshipped Lugonu.
Lugonu was aware of your devotion.
You were not hungry.

You visited 0 branches of the dungeon, and saw 0 of its levels.
You visited the Abyss 1 time.

You collected 28 gold pieces.

Inventory:

Hand Weapons
 a - a +1 hand axe (weapon)
Armour
 b - a +0 leather armour (worn)
Miscellaneous
 d - a sack of spiders
Comestibles
 c - a ration


   Skills:
 + Level 3.0 Fighting
 + Level 1.7 Axes
 + Level 1.3 Armour
 + Level 0.6 Dodging
 + Level 2.0 Invocations


You couldn't memorise any spells.
You didn't know any spells.
Your spell library was empty.

Dungeon Overview and Level Annotations

Branches:
Dungeon (0/15)

Altars:


Innate Abilities, Weirdness & Mutations

You have hooves in place of feet.
Armour fits poorly on your strangely shaped body.
You cover ground very quickly.
You have extremely tough skin. (AC +3)


Message History

* * * LOW HITPOINT WARNING * * *
The starspawn tentacle constricts you.
The starspawn tentacle loses its grip on you.
The tentacle pulls you backwards!
You are caught in the web!
A starcursed mass splits.
The web tears apart.
The blink frog gives a loud, deep croak!
The blink frog blinks!
The floating eye gazes piercingly through you!
You suddenly lose the ability to move!
Your soldier ant looks sick.
A starcursed mass splits.
Tentacles burst from the starspawn's body!
A tentacle flies out from the starspawn's body! 3 starspawn tentacles come into view.
Your soldier ant barely misses the boggart.
The boggart hits you but does no damage.
You hear some strange, mumbled words.
The floating eye pulsates ominously.
A chorus of shrieks assaults your mind.
You die...

#... ## ... .# #
#.....4.#..#/ ..#
#.####..www##.# #
... ....x#FXX.##
. # #.#.
.#....│..# ##
###.#....Xg4│..
#.h..####xX#w...#
#..hh.#GXF.... .
#{@#.#...####
#.ag####..#
#.##..# ### #..
#..# #.. ##.#
##.. # . ##


You could see 3 starcursed masses, 2 tentacled starspawn, an ancient zyme, 3
raiju, 2 blink frogs, 2 chaos spawn, 4 starspawn tentacles, 2 boggarts, a
floating eye and a friendly soldier ant.

Vanquished Creatures (others)
  7 starspawn tentacles (Abyss:4)
7 creatures vanquished.

Notes
Turn   | Place    | Note
-------+----------+-------------------------------------------
     0 | Abyss:1  | Gargoyl the Centaur Abyssal Knight began the quest for the
                  | Orb.
     0 | Abyss:1  | Reached XP level 1. HP: 19/19 MP: 2/2
     3 | Abyss:1  | Found a corrupted altar of Lugonu.
    63 | Abyss:2  | Noticed a large abomination
    71 | Abyss:3  | Noticed an ancient zyme
    71 | Abyss:3  | Noticed a stone giant simulacrum
    97 | Abyss:3  | Noticed a large abomination
   102 | Abyss:4  | Found a corrupted altar of Lugonu.
   103 | Abyss:4  | Noticed a chaos spawn
   104 | Abyss:4  | Noticed a chaos spawn
   104 | Abyss:4  | Noticed a chaos spawn
   104 | Abyss:4  | Noticed a floating eye
   104 | Abyss:4  | Noticed a boggart
   104 | Abyss:4  | Noticed a tentacled starspawn
   104 | Abyss:4  | Noticed a boggart
   105 | Abyss:4  | Noticed a boggart
   105 | Abyss:4  | Noticed a boggart
   108 | Abyss:4  | Paralysed by a floating eye for 4 turns
   110 | Abyss:4  | Noticed a tentacled starspawn
   112 | Abyss:4  | Noticed a large abomination
   113 | Abyss:4  | Noticed an ancient zyme
   119 | Abyss:4  | Noticed a starcursed mass
   120 | Abyss:4  | Noticed a blink frog
   120 | Abyss:4  | Noticed a blink frog
   120 | Abyss:4  | Noticed a blink frog
   120 | Abyss:4  | Noticed a blink frog
   121 | Abyss:4  | Paralysed by a floating eye for 4 turns
   123 | Abyss:4  | Killed from afar by a starcursed mass

Action                   || total
-------------------------++-------
Evoke: Sack of spiders   ||     1
  Use: Scroll            ||     2
Armor: Leather armour    ||     1
Dodge: Dodged            ||     3
